 Dungeon Sprint DCSS version 0.30.1-9-gdf580d7c3d (webtiles) character file.

Game seed: 2486377732102668199

15358 Heoruswealwe the Phalangite (level 12, -4/128 HPs)
             Began as a Minotaur Fighter on Oct 15, 2023.
             Was an Initiate of Gozag.
             Slain by an orc knight
             ... wielding a +0 great mace
              (14 damage)
             ... in the Dungeon (Sprint IX: "|||||||||||||||||||||||||||||").
             The game lasted 00:10:55 (1640 turns).

Heoruswealwe the Phalangite (Minotaur Fighter)      Turns: 1640, Time: 00:10:56

Health: -4/128     AC: 31    Str: 25    XL:     12   Next: 0%
Magic:  11/11      EV: 10    Int:  5    God:    Gozag
Gold:   5861       SH:  0    Dex: 11    Spells: 11/11 levels left

rFire   . . .        b - +2 halberd (protect)
rCold   . . .        (shield currently unavailable)
rNeg    . . .        c - +0 plate armour
rPois   .            g - +1 hat
rElec   .            h - +0 cloak
rCorr   .            f - +0 pair of gloves
SInv    .            e - +0 pair of boots
Will    .....        (no amulet) Stlth
                     k - +2 ring of evasion
HPRegen 0.41/turn    (no ring)
MPRegen 0.12/turn

%: no teleportation
@: gold aura, under a protective aura
A: horns 2, retaliatory headbutt
a: Renounce Religion, Potion Petition, Call Merchant, Bribe Branch


You were in the Dungeon.
You worshipped Gozag.
Gozag was greatly pleased with you.
You visited 1 branch You collected 5861 gold pieces.

Inventory:

Hand Weapons
 a - a +0 trident
 b - a +2 halberd of protection (weapon)
Armour
 c - a +0 plate armour (worn)
 d - a +0 buckler
 e - a +0 pair of boots (worn)
 f - a +0 pair of gloves (worn)
 g - a +1 hat (worn)
 h - a +0 cloak (worn)
Jewellery
 k - a +2 ring of evasion (left hand)
Wands
 t - a wand of quicksilver (10)
 u - a wand of flame (4)
Scrolls
 j - 2 scrolls of blinking
 o - 4 scrolls of enchant armour
 p - 2 scrolls of identify
Potions
 i - 2 potions of berserk rage
 m - a potion of mutation
 n - 2 potions of resistance
 q - a potion of cancellation
 r - 5 potions of curing


   Skills:
 + Level 18.5 Fighting
 * Level 24.8 Polearms
 + Level 18.5 Armour
 - Level 3.6 Shields


You had 11 spell levels left.
You didn't know any spells.
Your spell library contained the following spells:

 Spells                   Type           Power      Damage    Failure   Level
 Ignite Poison            Fire/Tmut/Pois 0%         N/A       100%        3
 Volatile Blastmotes      Fire/Tloc      0%         2d10      100%        3
 Starburst                Conj/Fire      0%         6d3       100%        6


Dungeon Overview and Level Annotations

Branches:
Dungeon (1/1)

Altars:
Cheibriados
Dithmenos
Elyvilon
Fedhas
Gozag
Hepliaklqana
Kikubaaqudgha
Makhleb
Nemelex Xobeh
Okawaru
Qazlal
Ru
Sif Muna
Trog
Uskayaw
Vehumet
Wu Jian
Xom
Yredelemnul
Zin
The Shining One
Jiyva
Lugonu

Shops:
D =


Innate Abilities, Weirdness & Mutations

You have a pair of horns on your head.
You reflexively headbutt those who attack you in melee.


Message History

The orc high priest utters an invocation to Beogh.
You closely miss the orc high priest.
You carefully extract the barbed spikes from your body.
You slice the orc high priest!!
The orc high priest is moderately wounded.
The hellwing is no longer distracted by gold.
The orc knight no longer looks unusually strong.
The orc high priest performs a strange gesture.
The orc high priest mumbles some strange prayers to Beogh against you.
Beogh smites you!
* * * LOW HITPOINT WARNING * * *
The orc knight roars a battlecry!
You slash the orc high priest!
The orc high priest is heavily wounded.
The orc high priest closely misses you. You furiously retaliate!
You headbutt the orc high priest.
You completely miss the orc high priest.
You headbutt the orc high priest!
The orc high priest is severely wounded.
You slice the orc high priest!!
You kill the orc high priest!
The orange demon disappears in a puff of smoke!
The orc high priest no longer looks unusually strong.
The orc high priest is no longer distracted by gold.
You have reached level 12!
You feel agile.
You closely miss the orc knight.
You headbutt the orc knight, but do no damage.
An orc high priest comes into view. It is wielding a +0 long sword.
The orc knight is distracted by your dazzling golden aura.
The orc knight shouts!
You impale the orc knight!!
The orc knight is no longer distracted by gold.
The orc knight is moderately wounded.
You hit the orc knight but do no damage.
Your headbutt misses the orc knight.
The orc knight is moderately wounded.
The orc knight hits you with a +0 great mace!
You die...
Your body crumbles into a pile of gold.

...)['...[=[)?!'_________________
▓▓▓▓▓▓▓▓▓▓▓▓▓▓▓▓▓▓▓▓▓▓▓▓▓▓▓▓▓▓▓▓▓
.................................
▓▓▓▓▓▓▓▓▓▓▓▓▓▓▓▓▓▓▓▓▓▓▓▓▓▓▓▓▓▓▓▓▓
..'............'.........'.......
▓▓▓▓▓▓▓▓▓▓▓▓▓▓▓▓▓▓▓▓▓▓▓▓▓▓▓▓▓▓▓▓▓
.....)...........................
▓▓▓▓▓▓▓▓▓▓▓▓▓▓▓▓▓▓▓▓▓▓▓▓▓▓▓▓▓▓▓▓▓


$$$$ $ $ o∩4o$$o@....)$$$$$$$$... ▓▓▓▓▓▓▓▓▓▓▓▓▓▓▓▓▓▓▓▓▓▓▓▓ You could see an orc
knight, 2 orc high priests and a hellwing (summoned).

Vanquished Creatures
  Gastronok (D)
  A boulder beetle (D)
  A centaur warrior (D)
  2 death yaks (D)
  4 orc high priests (D)
  A skyshark (D)
  A skeletal warrior (D)
  6 orc knights (D)
  A deep elf pyromancer (D)
  An orc sorcerer (D)
  2 elephants (D)
  2 rime drakes (D)
  Psyche (D)
  A komodo dragon (D)
  A polar bear (D)
  2 trolls (D)
  A slime creature (D)
  2 shadows (D)
  3 yaks (D)
  A warg (D)
  A water moccasin (D)
  3 hell hounds (D)
  A black bear (D)
  9 orc warriors (D)
  5 wolves (D)
  2 centaurs (D)
  2 bullfrogs (D)
  An orc priest (D)
  3 orc wizards (D)
  A worm (D)
  10 orcs (D)
  A bat (D)
  An endoplasm (D)
  A giant cockroach (D)
  A hobgoblin (D)
  A quokka (D)
78 creatures vanquished.

Vanquished Creatures (others)
  A shadow (D)
  An orc wizard (D)
2 creatures vanquished.

Grand Total: 80 creatures vanquished

Notes
Turn   | Place    | Note
-------+----------+-------------------------------------------
     0 | D        | Heoruswealwe the Minotaur Fighter began the quest for the
                  | Orb.
     0 | D        | Reached XP level 1. HP: 19/19 MP: 0/0
     6 | D        | Reached skill level 3 in Polearms
    14 | D        | Reached skill level 4 in Polearms
    20 | D        | Noticed a centaur
    23 | D        | Reached XP level 2. HP: 21/28 MP: 1/1
    31 | D        | Killed a centaur
    32 | D        | Reached skill level 7 in Polearms
    32 | D        | Reached XP level 3. HP: 27/37 MP: 2/2
    32 | D        | Reached XP level 4. HP: 33/44 MP: 3/3
    42 | D        | Found a snail-covered altar of Cheibriados.
    42 | D        | Found a shadowy altar of Dithmenos.
    42 | D        | Found a white marble altar of Elyvilon.
    42 | D        | Found a blossoming altar of Fedhas.
    42 | D        | Found an opulent altar of Gozag.
    43 | D        | Found a hazy altar of Hepliaklqana.
    44 | D        | Found a viscous altar of Jiyva.
    45 | D        | Found an ancient bone altar of Kikubaaqudgha.
    46 | D        | Found a corrupted altar of Lugonu.
    47 | D        | Found a burning altar of Makhleb.
    48 | D        | Found a sparkling altar of Nemelex Xobeh.
    49 | D        | Found an iron altar of Okawaru.
    50 | D        | Became a worshipper of Gozag Ym Sagoz the Greedy
    51 | D        | Found a stormy altar of Qazlal.
    52 | D        | Found a sacrificial altar of Ru.
    53 | D        | Found a shimmering blue altar of Sif Muna.
    54 | D        | Found a bloodstained altar of Trog.
    55 | D        | Found a hide-covered altar of Uskayaw.
    56 | D        | Found a radiant altar of Vehumet.
    57 | D        | Found an ornate altar of the Wu Jian Council.
    58 | D        | Found a shimmering altar of Xom.
    59 | D        | Found a basalt altar of Yredelemnul.
    60 | D        | Found a glowing silver altar of Zin.
    61 | D        | Found a glowing golden altar of the Shining One.
   123 | D        | Noticed a troll
   123 | D        | Noticed a centaur
   123 | D        | Noticed a shadow
   123 | D        | Noticed an orc warrior
   123 | D        | Noticed a shadow
   131 | D        | Killed a shadow
   132 | D        | Reached skill level 10 in Polearms
   132 | D        | Reached XP level 5. HP: 44/53 MP: 4/4
   140 | D        | Killed an orc warrior
   141 | D        | Reached skill level 11 in Polearms
   141 | D        | Reached XP level 6. HP: 52/62 MP: 5/5
   146 | D        | Killed a shadow
   153 | D        | Reached skill level 12 in Polearms
   162 | D        | Killed a troll
   163 | D        | Reached skill level 10 in Fighting
   163 | D        | Reached skill level 13 in Polearms
   163 | D        | Reached skill level 10 in Armour
   163 | D        | Reached XP level 7. HP: 22/72 MP: 6/6
   317 | D        | Noticed a slime creature
   317 | D        | Noticed a centaur warrior
   317 | D        | Noticed a troll
   317 | D        | Noticed a skeletal warrior
   317 | D        | Noticed a shadow
   317 | D        | Noticed a deep elf pyromancer
   321 | D        | Noticed a fire elemental
   325 | D        | Killed a deep elf pyromancer
   326 | D        | Reached skill level 14 in Polearms
   326 | D        | Reached XP level 8. HP: 54/82 MP: 7/7
   329 | D        | Reached skill level 15 in Polearms
   339 | D        | Killed a skeletal warrior
   340 | D        | Reached skill level 16 in Polearms
   342 | D        | Killed a troll
   347 | D        | Killed a centaur warrior
   348 | D        | Reached skill level 17 in Polearms
   348 | D        | Reached XP level 9. HP: 29/93 MP: 8/8
   360 | D        | Reached skill level 18 in Polearms
   674 | D        | Got the Atlas of the Torch
   685 | D        | Noticed a rime drake
   685 | D        | Noticed a rime drake
   690 | D        | Killed a rime drake
   693 | D        | Noticed a boulder beetle
   697 | D        | Killed a rime drake
   719 | D        | Reached skill level 19 in Polearms
   732 | D        | Killed a boulder beetle
   733 | D        | Reached XP level 10. HP: 25/104 MP: 9/9
   964 | D        | Noticed an elephant
   964 | D        | Noticed an elephant
   964 | D        | Noticed a death yak
   964 | D        | Noticed a death yak
   973 | D        | Killed a death yak
   974 | D        | Reached skill level 15 in Fighting
   974 | D        | Reached skill level 20 in Polearms
   974 | D        | Reached skill level 15 in Armour
   975 | D        | Noticed a skyshark
   982 | D        | Killed a death yak
   994 | D        | Killed an elephant
   995 | D        | Reached skill level 21 in Polearms
  1002 | D        | Killed an elephant
  1007 | D        | Killed a skyshark
  1127 | D        | Reached XP level 11. HP: 100/114 MP: 10/10
  1139 | D        | Reached skill level 22 in Polearms
  1228 | D        | Noticed Psyche
  1229 | D        | Noticed Gastronok
  1237 | D        | Killed Psyche
  1248 | D        | Killed Gastronok
  1330 | D        | Noticed an orc high priest
  1338 | D        | Noticed an orc sorcerer
  1343 | D        | Killed an orc high priest
  1363 | D        | Killed an orc sorcerer
  1364 | D        | Reached skill level 23 in Polearms
  1531 | D        | Noticed an orc knight
  1531 | D        | Noticed an orc high priest
  1531 | D        | Noticed an orc knight
  1543 | D        | Noticed an orc knight
  1544 | D        | Killed an orc knight
  1560 | D        | Killed an orc high priest
  1569 | D        | Killed an orc knight
  1576 | D        | Killed an orc knight
  1586 | D        | Reached skill level 24 in Polearms
  1598 | D        | Found Vetaose's Jewellery Boutique.
  1598 | D        | Noticed an orc high priest
  1598 | D        | Noticed an orc knight
  1598 | D        | Noticed an orc high priest
  1598 | D        | Noticed an orc knight
  1598 | D        | Noticed an orc knight
  1599 | D        | Noticed an orc knight
  1604 | D        | Noticed an orc high priest
  1610 | D        | Killed an orc knight
  1616 | D        | Killed an orc knight
  1624 | D        | Killed an orc high priest
  1629 | D        | Killed an orc knight
  1637 | D        | Killed an orc high priest
  1638 | D        | Reached XP level 12. HP: 9/128 MP: 11/11
  1638 | D        | Noticed an orc high priest
  1640 | D        | Slain by an orc knight

Illustrated notes

Levels and vault maps discovered:
D:        linesprint [early_d, line_temple, items_1, d_10, items_2, lair_1,
          lair_end, items_3, orc_1, orc_end, items_4, d_15, swamp_1, shoals_1,
          snake_1, spider_1, d_20, vaults_1, items_5, swamp_end, shoals_end,
          snake_end, spider_end, vaults_end, d_27, items_6, zot_1, zot_end,
          crypt_end, forest_end, elf_end, slime_end, tomb_end, abyss_end,
          pan_hell_end]

Skill      XL: |  1  2  3  4  5  6  7  8  9 10 11 |
---------------+----------------------------------+-----
Polearms       | 4 7 10 11 13 14 17 19 21 24 | 24.8
Fighting       | 4 6 8 10 11 13 14 16 18 | 18.5
Armour         | 4 6 8 10 11 13 14 16 18 | 18.5
Shields        | |  3.6

Action                     |  1- 3 |  4- 6 |  7- 9 | 10-12 || total
---------------------------+-------+-------+-------+-------++-------
  Melee: Trident           |    18 |     3 |       |       ||    21
         Headbutt          |     4 |     2 |    16 |    53 ||    75
         Halberd           |       |    37 |    82 |   225 ||   344
    Use: Potion            |     1 |       |     1 |     7 ||     9
   Stab: Distracted        |       |       |     3 |     3 ||     6
 Armour: Scale mail        |     5 |     1 |       |       ||     6
         Plate armour      |       |    28 |    22 |    70 ||   120
  Dodge: Dodged            |     6 |    16 |    16 |    43 ||    81
  Block: Buckler           |     2 |       |       |       ||     2
